 Dungeon Crawl Stone Soup version 0.24.1-14-gf8d2b509d9 (webtiles) character file.

Game seed: 9013235496937116226, levelgen mode: deterministic

32286 barney the Brawler (level 13, -14/113 HPs)
             Began as a Black Draconian Transmuter on Sept 29, 2021.
             Was a High Priest of Cheibriados.
             Demolished by a death yak (23 damage)
             ... led by a torpor snail
             ... on level 6 of the Lair of Beasts.
             The game lasted 00:43:41 (22081 turns).

barney the Brawler (Black Draconian Transmuter)    Turns: 22081, Time: 00:43:42

Health: -14/113    AC: 10    Str: 27    XL:     13   Next: 30%
Magic:  16/19      EV: 17    Int: 33    God:    Cheibriados [*****.]
Gold:   816        SH:  0    Dex: 31    Spells: 1/20 levels left

rFire    . . .     SeeInvis +     - Unarmed
rCold    . . .     Gourm    .   (shield currently unavailable)
rNeg     . . .     Faith    .   (armour unavailable)
rPois    .         Spirit   .   j - +2 hat
rElec    +         Reflect  .   (no cloak)
rCorr    .         Harm     .   (gloves currently unavailable)
MR       .....                  (no boots)
Stlth    ++........             s - amulet of regeneration
HPRegen  0.68/turn              k - ring of wizardry
MPRegen  0.16/turn              m - +6 ring of dexterity

@: about to teleport, blade hands, very slow
A: breathe lightning, unfitting armour, see invisible, sense surroundings 1,
electricity resistance, cold-blooded, AC +8
a: Breathe Lightning, End Transformation, Bend Time, Temporal Distortion,
Slouch, Step From Time, Renounce Religion


You were on level 6 of the Lair of Beasts.
You worshipped Cheibriados.
Cheibriados was extremely pleased with you.
You were not hungry.
You had blades for hands.
You visited 3 branches of the dungeon, and saw 16 of its levels.

You collected 904 gold pieces.
You spent 88 gold pieces at shops.

Inventory:

Hand Weapons
 g - a +5 dagger of draining
 n - the +6 short sword "Demonslayer" {speed, Str+4}
   (You took it off an orc on level 5 of the Dungeon)

   Attacks with this weapon are significantly faster.
   It affects your strength (+4).
   Cheibriados disapproves of the use of such an item.
 q - a +2 whip of flaming
 t - a +0 whip
 G - the +8 short sword of the Coward (melded) {elec, *Rage rC+ rN+ Int+2}
   (You found it on level 3 of the Lair of Beasts)

   Occasionally, upon striking a foe, it will discharge some electrical energy
   and cause terrible harm.
   It affects your intelligence (+2).
   It protects you from cold.
   It protects you from negative energy.
   It may make you go berserk in combat.
Missiles
 a - 196 arrows
Armour
 f - a +0 pair of gloves (melded)
 j - a +2 hat (worn)
Magical Staves
 I - an uncursed staff of wizardry {unknown}
Jewellery
 k - a ring of wizardry (left scythe-like blade)
 m - a +6 ring of dexterity (right scythe-like blade)
 s - an amulet of regeneration (around neck)
 x - an uncursed ring of see invisible
 F - an uncursed ring of magical power
 H - a +4 amulet of reflection {unknown}
 L - a +3 ring of dexterity
Wands
 u - a wand of digging (12)
 w - a wand of iceblast (12)
 z - a wand of flame (13)
 E - a wand of clouds (3)
 N - a wand of acid (3)
Scrolls
 b - 4 scrolls of remove curse
 h - 10 scrolls of identify
 i - 3 scrolls of teleportation
 l - 5 scrolls of enchant armour
 p - 2 scrolls of enchant weapon
 r - 2 scrolls of amnesia
 D - a scroll of fog
Potions
 d - 3 potions of curing
 e - a potion of mutation
 o - 4 potions of degeneration
 A - a potion of might
 C - 2 potions of brilliance
 J - a potion of haste
 K - 3 potions of lignification
Miscellaneous
 y - a fan of gales
Comestibles
 c - 34 rations


   Skills:
 - Level 10.2 Fighting
 - Level 5.1 Dodging
 * Level 15.6 Unarmed Combat
 - Level 4.2 Spellcasting
 - Level 9.2 Transmutations
 - Level 6.1 Invocations
 - Level 5.3 Evocations


You had one spell level left.
You knew the following spells:

 Your Spells              Type           Power        Failure   Level  Hunger
a - Blade Hands           Tmut           ######....   11%         5    #####..
b - Spider Form           Tmut/Pois      #####.....   9%          3    #......
c - Sticks to Snakes      Tmut           ######..     3%          2    None
d - Ice Form              Ice/Tmut       #####...     17%         4    ###....
e - Apportation           Tloc           #.....       14%         1    None
f - Petrify               Tmut/Erth      #####...     17%         4    ###....

Your spell library contained the following spells:

 Spells                   Type           Power        Failure   Level  Hunger
 Beastly Appendage        Tmut           ######       3%          1    None
 Animate Skeleton         Necr           N/A          14%         1    None
 Confusing Touch          Hex            #.....       14%         1    None
 Summon Small Mammal      Summ           #...         14%         1    None
 Corpse Rot               Necr           N/A          17%         2    None
 Sublimation of Blood     Necr           #.........   17%         2    None
 Confuse                  Hex            #.......     26%         3    #......
 Gell's Gravitas          Tloc           #.........   26%         3    #......
 Recall                   Summ/Tloc      N/A          26%         3    #......
 Yara's Violent Unravell  Hex/Tmut       #####.....   32%         5    #####..
 Summon Lightning Spire   Summ/Air       #.......     52%         4    ###....
 Agony                    Necr           #.......     78%         5    #####..
 Bolt of Draining         Conj/Necr      #.........   78%         5    #####..
 Dispel Undead            Necr           #.......     78%         5    #####..
 Excruciating Wounds      Chrm/Necr      #.........   78%         5    #####..
 Metabolic Englaciation   Hex/Ice        #.........   78%         5    #####..
 Conjure Ball Lightning   Conj/Air       #.........   99%         6    ######.
 Deflect Missiles         Chrm/Air       #.........   99%         6    ######.


Dungeon Overview and Level Annotations

Branches:
Dungeon (9/15)             Temple (1/1) D:7            Lair (6/6) D:8
  Swamp (0/4) Lair:2       Spider (0/4) Lair:4        Slime (0/5) Lair:6
    Orc: D:9-12

Altars:
Ashenzari
Cheibriados
Dithmenos
Elyvilon
Fedhas
Gozag
Hepliaklqana
Kikubaaqudgha
Makhleb
Nemelex Xobeh
Okawaru
Qazlal
Ru
Sif Muna
Trog
Uskayaw
Vehumet
Wu Jian
Xom
Yredelemnul
Zin
The Shining One
Jiyva

Shops:
D:4 !


Innate Abilities, Weirdness & Mutations

You can breathe wild blasts of lightning.
Your glossy black scales are hard. (AC +8)
You cannot fit into any form of body armour.
You are resistant to electric shocks. (rElec)
You are cold-blooded and may be slowed by cold attacks.
You have supernaturally acute eyesight. (SInv)
You passively map a small area around you.


Message History

The death yak is moderately wounded.
The wolf bites the plant.
The death yak gores you!!
* * * LOW HITPOINT WARNING * * *
You feel much better.
The wolf bites the plant.
The death yak gores you!
The wolf bites the plant.
Unknown command.
You hit the death yak but do no damage.
You tail-slap the death yak, but do no damage.
Your slash misses the death yak.
The death yak is moderately wounded.
The wolf bites the plant.
The death yak gores you!!
* * * LOW HITPOINT WARNING * * *
Unknown command.
Okay, then.
Okay, then.
As you read the scroll of teleportation, it crumbles to dust.
You feel strangely unstable.
The wolf bites the plant!
The wolf bites the plant but does no damage.
The death yak gores you!!
You die...

* * #. , , #.#..... * ##.
* ..... ##....... #..
##.... #........ ,, .#
##.. ...P# ##.......
..h#P.. *....# ###....#..
..#P...,##...# #......##.
** .#P....##P...#
#....[....
#P..P..Y#....###........#
##.....##@..........#+++#.
#P...., ##.........## ,##
..P..##*###.....###, #
,...P#.## ##....## ,,
,.......###.....#, , , ##
. #...#.......## , *
#..####......#..##* *, ,
#..P..#......####, *,
#.........#..## , ,


You could see a death yak and a wolf.

Vanquished Creatures
  8 hydras
  A two-headed ogre (D:8)
  A death yak (Lair:6)
  Sonja (Lair:5)
  Pikel (D:9)
  7 elephants
  2 black mambas
  A torpor snail (Lair:6)
  6 spiny frogs
  5 komodo dragons
  A queen bee (Lair:3)
  A polar bear (Lair:5)
  A troll (D:9)
  8 hippogriffs
  5 blink frogs (Lair:3)
  3 redbacks (Lair:4)
  Sigmund (D:4)
  48 yaks
  3 wyverns
  A steam dragon (D:8)
  Edmund (D:6)
  15 water moccasins
  5 porcupines
  2 orc warriors (D:8)
  2 sky beasts
  2 ice beasts
  4 ogres
  12 wolves
  A centaur (D:7)
  8 crocodiles
  3 bullfrogs
  A scorpion (D:4)
  29 killer bees
  4 wights (D:9)
  5 electric eels
  3 crimson imps
  2 hounds
  A jelly (D:5)
  A quasit (D:8)
  A gnoll shaman (D:6)
  2 orc priests
  2 bullfrog skeletons
  4 iguanas
  Jessica (D:3)
  3 orc wizards
  3 hell rats (Lair:1)
  4 worker ants
  A killer bee zombie (D:7)
  A hound zombie (D:6)
  2 hound skeletons
  12 gnolls
  8 adders
  4 river rats (Lair:1)
  A shadow imp (D:4)
  2 oozes
  An adder zombie (D:8)
  An adder skeleton (D:4)
  3 worms
  3 dart slugs
  4 leopard geckos
  29 orcs
  8 bats
  6 giant cockroaches
  8 hobgoblins
  2 quokkas (D:8)
  A ball python (D:3)
  A ball python skeleton (D:5)
  5 frilled lizards
  A giant cockroach zombie (D:5)
  8 goblins
  6 kobolds
  12 rats
  A plant (Lair:4)
357 creatures vanquished.

Vanquished Creatures (collateral kills)
  An orc wizard (D:8)
1 creature vanquished.

Vanquished Creatures (others)
  2 slaves (D:9)
  A wight (D:9)
  2 orc wizards (D:9)
  An orc priest (D:9)
  A hound (D:9)
  8 fungi
  2 plants (Lair:6)
17 creatures vanquished.

Grand Total: 375 creatures vanquished

Notes
Turn   | Place    | Note
-------+----------+-------------------------------------------
     0 | D:1      | barney the Draconian Transmuter began the quest for the
                  | Orb.
     0 | D:1      | Reached XP level 1. HP: 16/16 MP: 3/3
   175 | D:1      | Reached XP level 2. HP: 19/23 MP: 3/5
  1020 | D:1      | Reached XP level 3. HP: 28/28 MP: 4/6
  1025 | D:1      | Learned a level 3 spell: Spider Form
  1315 | D:2      | Found a sparkling altar of Nemelex Xobeh.
  1998 | D:3      | Reached XP level 4. HP: 33/35 MP: 3/7
  2755 | D:3      | Noticed Jessica
  2765 | D:3      | Killed Jessica
  2765 | D:3      | Reached skill level 5 in Transmutations
  2913 | D:4      | Reached XP level 5. HP: 40/40 MP: 4/8
  3030 | D:4      | Noticed Sigmund
  3039 | D:4      | Killed Sigmund
  3039 | D:4      | Reached XP level 6. HP: 35/47 MP: 5/9
  3095 | D:4      | Learned a level 5 spell: Blade Hands
  3332 | D:4      | Found Mijism's Distillery.
  3336 | D:4      | Bought a potion of mutation for 88 gold pieces
  3336 | D:4      | Gained mutation: You passively map a small area around you.
                  | [potion of mutation]
  3336 | D:4      | Gained mutation: You evolve. [potion of mutation]
  3615 | D:5      | Entered Level 5 of the Dungeon
  3624 | D:5      | Your scales start taking on a glossy black colour.
  3624 | D:5      | Reached XP level 7. HP: 49/52 MP: 4/10
  3624 | D:5      | Gained mutation: You are resistant to electric shocks.
                  | (rElec) [Black Draconian growth]
  3967 | D:5      | Reached skill level 4 in Unarmed Combat
  4932 | D:6      | Noticed Edmund
  4944 | D:6      | Killed Edmund
  4944 | D:6      | Reached XP level 8. HP: 21/59 MP: 6/11
  5039 | D:6      | Identified the +6 short sword "Demonslayer" {speed, Str+4}
  5046 | D:6      | HP: 2/59 [gnoll shaman/+0 spear (10)]
  6159 | D:6      | Learned a level 2 spell: Sticks to Snakes
  6243 | D:6      | You fall into a shaft and drop 1 floor!
  6251 | D:7      | Reached skill level 5 in Unarmed Combat
  6340 | D:7      | Found a staircase to the Ecumenical Temple.
  6347 | Temple   | Entered the Ecumenical Temple
  7016 | Temple   | Became a worshipper of Cheibriados the Contemplative
  7057 | D:7      | Reached skill level 1 in Evocations
  7315 | D:7      | Reached skill level 6 in Unarmed Combat
  7315 | D:7      | Reached skill level 1 in Invocations
  7481 | D:7      | Noticed a hippogriff
  7487 | D:7      | Killed a hippogriff
  7787 | D:7      | Reached skill level 7 in Unarmed Combat
  8123 | D:7      | Reached XP level 9. HP: 71/71 MP: 7/12
  8319 | D:6      | Found a shimmering blue altar of Sif Muna.
  8548 | D:8      | Noticed a two-headed ogre
  8560 | D:8      | Reached * piety under Cheibriados
  8886 | D:8      | Reached skill level 8 in Unarmed Combat
  8911 | D:8      | Found a staircase to the Lair.
  8935 | D:8      | Reached skill level 5 in Fighting
  9368 | D:8      | Killed a two-headed ogre
  9368 | D:8      | Reached skill level 9 in Unarmed Combat
  9371 | D:8      | Gained mutation: Your body sometimes deteriorates upon
                  | taking damage. [evolution]
 10247 | D:9      | Noticed Pikel
 10247 | D:9      | Noticed a troll
 10337 | D:9      | Killed Pikel
 10610 | D:9      | Killed a troll
 10610 | D:9      | Reached ** piety under Cheibriados
 10610 | D:9      | Reached XP level 10. HP: 64/84 MP: 1/13
 10752 | D:9      | Reached skill level 10 in Unarmed Combat
 11156 | Lair:1   | Entered Level 1 of the Lair of Beasts
 11707 | Lair:1   | Identified Sif Muna's Almanac of Feathery Illusion
 11897 | Lair:1   | Learned a level 4 spell: Ice Form
 12381 | Lair:1   | Found a shadowy altar of Dithmenos.
 12507 | Lair:1   | Gained mutation: Your muscles are strong. (Str +2)
                  | [evolution]
 12880 | Lair:1   | Learned a level 1 spell: Apportation
 13318 | Lair:2   | Reached skill level 11 in Unarmed Combat
 13376 | Lair:2   | Reached *** piety under Cheibriados
 13392 | Lair:2   | Reached XP level 11. HP: 79/94 MP: 13/16
 13933 | Lair:2   | Found a staircase to the Swamp.
 14533 | Lair:3   | Reached **** piety under Cheibriados
 14879 | Lair:3   | Reached skill level 5 in Invocations
 15362 | Lair:3   | Reached skill level 12 in Unarmed Combat
 15375 | Lair:3   | Reached skill level 5 in Evocations
 15802 | Lair:3   | Noticed a seven-headed hydra
 15815 | Lair:3   | Got a crystal short sword
 15816 | Lair:3   | Identified the +8 short sword of the Coward {elec, *Rage
                  | rC+ rN+ Int+2} (You found it on level 3 of the Lair of
                  | Beasts)
 15970 | Lair:3   | Reached XP level 12. HP: 95/101 MP: 12/18
 16022 | Lair:3   | Killed a seven-headed hydra
 16022 | Lair:3   | Reached skill level 5 in Dodging
 16227 | Lair:3   | Noticed a six-headed hydra
 16246 | Lair:3   | Killed a six-headed hydra
 16793 | Lair:3   | Reached skill level 13 in Unarmed Combat
 18079 | Lair:4   | Lost mutation: You evolve. [evolution]
 18080 | Lair:4   | Lost mutation: Your body sometimes deteriorates upon taking
                  | damage. [potion of mutation]
 18080 | Lair:4   | Lost mutation: Your muscles are strong. (Str +2) [potion of
                  | mutation]
 18080 | Lair:4   | Gained mutation: Your tail ends in a poisonous barb.
                  | [potion of mutation]
 18080 | Lair:4   | Lost mutation: Your tail ends in a poisonous barb. [potion
                  | of mutation]
 18080 | Lair:4   | Gained mutation: You have supernaturally acute eyesight.
                  | (SInv) [potion of mutation]
 18553 | Lair:4   | Found a hole to the Spider Nest.
 18774 | Lair:4   | Learned a level 4 spell: Petrify
 18786 | Lair:5   | Noticed a five-headed hydra
 19148 | Lair:5   | Noticed a seven-headed hydra
 19506 | Lair:5   | Killed a seven-headed hydra
 19506 | Lair:5   | Reached ***** piety under Cheibriados
 19827 | Lair:5   | Noticed Sonja
 19832 | Lair:5   | Killed Sonja
 19832 | Lair:5   | Reached skill level 14 in Unarmed Combat
 20400 | Lair:5   | Killed a five-headed hydra
 21066 | Lair:5   | Reached skill level 10 in Fighting
 21213 | Lair:6   | Entered Level 6 of the Lair of Beasts
 21213 | Lair:6   | Noticed a five-headed hydra
 21218 | Lair:6   | Killed a five-headed hydra
 21505 | Lair:6   | Reached XP level 13. HP: 107/113 MP: 14/19
 21552 | Lair:6   | Reached skill level 15 in Unarmed Combat
 21834 | Lair:6   | Found a viscous altar of Jiyva.
 21973 | Lair:6   | Found a staircase to the Slime Pits.
 22081 | Lair:6   | Demolished by a death yak

Levels and vault maps discovered:
D:1:      dpeg_chamrin_arrival_tetris, layout_basic
D:2:      layout_loops_ring, nicolae_overflow_hidden_temple, serial_rivers,
          chequers_serial_rivers_micro_d, chequers_serial_rivers_micro_a,
          chequers_serial_rivers_small_b, chequers_serial_rivers_micro_d,
          chequers_serial_rivers_small_a
D:3:      layout_rooms, uniq_jessica
D:4:      layout_basic, first_ration, serial_shops, shop, uniq_sigmund
D:5:      layout_loops_corners, st_stairs_11, minmay_diced_spiral
D:6:      layout_gridville, led_sif_pool, uniq_edmund
D:7:      layout_loops_ring, minmay_temple_entry_statues_fountains
D:8:      layout_basic, lair_entry_dummy
D:9:      layout_cave_pools, uniq_pikel
Temple:   minmay_crystal_snake_temple
Lair:1:   layout_regular_city, basic_altar, kennysheep_abandoned_house
Lair:2:   layout_chaotic_city, swamp_mist, serial_bayou_shore_b
Lair:3:   layout_cave_shapes, special_room [special_room_bee]
Lair:4:   layout_big_grid, spider_nest_entry_webs, serial_bayou,
          serial_bayou_pond_a, serial_bayou_pond_b, serial_bayou_ford_a,
          serial_bayou_lake_a
Lair:5:   layout_gridlike, uniq_sonja
Lair:6:   hangedman_lair_caniforms_friends, layout_misc_corridors,
          guppyfry_lair_end_dragon, slime_altar_1, zaba_antful_of_joy,
          infiniplex_staircase_pool

Skill      XL: |  1  2  3  4  5  6  7  8  9 10 11 12 13 |
---------------+----------------------------------------+-----
Transmutations | 3 4 5 6 7 8 9 |  9.2
Unarmed Combat | 4 7 9 11 12 14 15 | 15.6
Fighting       | 3 6 7 8 10 | 10.2
Evocations     | 1 3 5 |  5.3
Invocations    | 1 3 5 6 |  6.1
Dodging        | 2 4 5 |  5.1
Spellcasting   | 3 4 |  4.2

Action                   |  1- 3 |  4- 6 |  7- 9 | 10-12 | 13-15 || total
-------------------------+-------+-------+-------+-------+-------++-------
Melee: Unarmed           |   133 |   143 |   205 |   329 |    69 ||   879
       Tailslap          |    11 |     2 |    25 |    59 |    13 ||   110
       Headbutt          |     5 |     1 |       |       |       ||     6
       Kick              |     4 |     1 |       |       |       ||     5
       Punch             |     2 |     1 |     5 |    24 |     6 ||    38
       Dagger            |       |     6 |    28 |     9 |       ||    43
       Short sword       |       |       |    14 |     2 |       ||    16
 Cast: Beastly Appendage |    10 |     3 |       |       |       ||    13
       Spider Form       |     6 |    14 |     1 |     1 |       ||    22
       Blade Hands       |       |     4 |    46 |    67 |     6 ||   123
       Sticks to Snakes  |       |       |    15 |     8 |     2 ||    25
       Apportation       |       |       |       |     9 |       ||     9
       Ice Form          |       |       |       |     6 |     2 ||     8
       Petrify           |       |       |       |     5 |       ||     5
Invok: Slouch            |       |       |       |     3 |       ||     3
 Abil: Breathe Lightning |       |       |     4 |     5 |       ||     9
Evoke: Wand              |       |       |       |     6 |       ||     6
  Use: Scroll            |       |     7 |    10 |     9 |     3 ||    29
       Potion            |       |     1 |     9 |     5 |     2 ||    17
 Stab: Sleeping          |       |     1 |     1 |     1 |       ||     3
  Eat: Chunk             |     4 |     6 |    22 |    20 |     1 ||    53
       Ration            |     1 |       |     5 |     6 |     1 ||    13
Armor: Skin              |    26 |    29 |    70 |    94 |    13 ||   232
Dodge: Dodged            |    91 |   111 |   155 |   314 |    61 ||   732
